MID
KANNAPOLIS INTIMIDATORS @ LAKE COUNTY CAPTAINS
04/17/2046
 
TOP OF THE 1ST
Kannapolis Intimidators batting - Pitching for Lake County Captains : RHP Nesty Pulido
Pitching: RHP Nesty Pulido
Batting: LHB Jamel Alexander 0-0: Ball
1-0: Ball
2-0: Ball
3-0: Base on Balls
Batting: RHB Josiah Wright 0-0: Called Strike
Jamel Alexander steals 2nd base
0-1: Ball
1-1: Ball
2-1: Ground out 6-3 (Groundball, 6, EV 106.9 MPH)
Batting: SHB Ruben Velasco Jr. 0-0: Ball
1-0: Foul Ball, location: 2F
1-1: Foul Ball, location: 2F
1-2: Ball
2-2: Ball
3-2: Strikes out looking
Batting: RHB Vic Lucatero 0-0: Called Strike
0-1: Ground out 6-3 (Groundball, 6, EV 91.2 MPH)
Top of the 1st over - 0 runs, 0 hits, 0 errors, 1 left on base; Kannapolis 0 - Lake County 0
BOTTOM OF THE 1ST
Lake County Captains batting - Pitching for Kannapolis Intimidators : LHP Mark Sharrett
Pitching: LHP Mark Sharrett
Batting: LHB Devon Grant 0-0: Ball
1-0: Foul Ball, location: 2F
1-1: Called Strike
1-2: Ground out 3-1 (Groundball, 34S, EV 81.9 MPH)
Batting: RHB Reynaldo Herrera 0-0: Called Strike
0-1: SINGLE (Groundball, 6D, EV 99.4 MPH)
Batting: RHB Josh Stinnett 0-0: Ball
1-0: Ball
2-0: Ball
Wild Pitch!
Reynaldo Herrera to second
3-0: Base on Balls
Batting: LHB Danny Moreno 0-0: Called Strike
Reynaldo Herrera steals 3rd base
0-1: Ball
Josh Stinnett steals 2nd base
1-1: Ball
2-1: Called Strike
2-2: Ball
3-2: Foul Ball, location: 2F
3-2: SINGLE (Groundball, 34S, EV 62.5 MPH) (infield hit)
Batting: RHB Ricky Butts 0-0: Ball
1-0: Swinging Strike
1-1: Foul Ball, location: 2F
1-2: Strikes out swinging
Batting: RHB Seth Rutz 0-0: Called Strike
0-1: Foul Ball, location: 2F
0-2: Ball
1-2: Foul Ball, location: 2F
1-2: Ball
2-2: Ground out U3 (Groundball, 34, EV 91.9 MPH)
Bottom of the 1st over - 0 runs, 2 hits, 0 errors, 3 left on base; Kannapolis 0 - Lake County 0
TOP OF THE 2ND
Kannapolis Intimidators batting - Pitching for Lake County Captains : RHP Nesty Pulido
Batting: LHB Kevin Rolison 0-0: Foul Ball, location: 2F
0-1: Ball
1-1: Foul Ball, location: 2F
1-2: Ball
2-2: SINGLE (Groundball, 56D, EV 94.4 MPH)
Batting: SHB Ivan Barry 0-0: Called Strike
0-1: Called Strike
0-2: Foul Ball, location: 2F
0-2: Ball
1-2: Ball
2-2: Fly out, F2 (Popup, 3SF, EV 82.5 MPH)
Batting: RHB Jeff Cox 0-0: Foul Ball, location: 2F
0-1: Ball
1-1: Ball
2-1: Reached on error, E5 (Groundball, 56, EV 98.8 MPH)
Kevin Rolison to second
Batting: SHB Josh Conner 0-0: Ball
1-0: SINGLE (Groundball, 6S, EV 60.6 MPH) (infield hit)
Kevin Rolison to third
Jeff Cox to second
Batting: RHB Egidius Kruger 0-0: Ball
1-0: Swinging Strike
1-1: Swinging Strike
1-2: Ball
2-2: Foul Ball, location: 2F
2-2: Ball
3-2: Grounds into double play, 5-4-3 (Groundball, 5, EV 87.5 MPH)
Top of the 2nd over - 0 runs, 2 hits, 1 error, 2 left on base; Kannapolis 0 - Lake County 0
BOTTOM OF THE 2ND
Lake County Captains batting - Pitching for Kannapolis Intimidators : LHP Mark Sharrett
Batting: RHB David Schweitzer 0-0: Ball
1-0: Foul Ball, location: 2F
1-1: Swinging Strike
1-2: Strikes out looking
Batting: RHB Chris Rosinsky 0-0: Ball
1-0: Ball
2-0: Ball
3-0: Base on Balls
Batting: RHB Gashie Chimsima 0-0: Fly out, F8 (Flyball, 78M, EV 93.8 MPH)
Batting: LHB Devon Grant 0-0: Foul Ball, location: 2F
0-1: Swinging Strike
0-2: Ball
1-2: Ball
2-2: Ground out 2-3 (Groundball, 2L, EV 65.6 MPH)
Bottom of the 2nd over - 0 runs, 0 hits, 0 errors, 1 left on base; Kannapolis 0 - Lake County 0
TOP OF THE 3RD
Kannapolis Intimidators batting - Pitching for Lake County Captains : RHP Nesty Pulido
Batting: LHB Jamel Alexander 0-0: Ball
1-0: SINGLE (Flyball, 6D, EV 81.9 MPH)
Batting: RHB Josiah Wright 0-0: Called Strike
0-1: Foul Ball, location: 2F
0-2: Ball
1-2: Ball
2-2: Ball
3-2: Foul Ball, location: 2F
3-2: Strikes out looking
Batting: SHB Ruben Velasco Jr. 0-0: Ball
Jamel Alexander steals 2nd base
1-0: Called Strike
1-1: Called Strike
1-2: Ball
2-2: Foul Ball, location: 2F
2-2: Ball
3-2: Foul Ball, location: 2F
3-2: Ground out U3 (Groundball, 3, EV 86.2 MPH)
Jamel Alexander to third
Batting: RHB Vic Lucatero 0-0: DOUBLE (Flyball, 8RXD, EV 103.8 MPH)
Jamel Alexander scores
Batting: LHB Kevin Rolison 0-0: Ball
1-0: Foul Ball, location: 2F
1-1: Foul Ball, location: 2F
1-2: Ball
2-2: Strikes out swinging
Top of the 3rd over - 1 run, 2 hits, 0 errors, 1 left on base; Kannapolis 1 - Lake County 0
BOTTOM OF THE 3RD
Lake County Captains batting - Pitching for Kannapolis Intimidators : LHP Mark Sharrett
Batting: RHB Reynaldo Herrera 0-0: Ball
1-0: Swinging Strike
1-1: SINGLE (Line Drive, 56D, EV 98.8 MPH)
Batting: RHB Josh Stinnett 0-0: Ball
1-0: Called Strike
1-1: Ball
2-1: Grounds into double play, 5-4-3 (Groundball, 56, EV 108.1 MPH)
Batting: LHB Danny Moreno 0-0: Foul Ball, location: 2F
0-1: Ground out 4-3 (Groundball, 4, EV 99.4 MPH)
Bottom of the 3rd over - 0 runs, 1 hit, 0 errors, 0 left on base; Kannapolis 1 - Lake County 0
TOP OF THE 4TH
Kannapolis Intimidators batting - Pitching for Lake County Captains : RHP Nesty Pulido
Batting: SHB Ivan Barry 0-0: Called Strike
0-1: Ball
1-1: Ball
2-1: Foul Ball, location: 2F
2-2: Strikes out looking and he physically ARGUES THE CALL AND IS TOSSED!
Batting: RHB Jeff Cox 0-0: Ground out 4-3 (Groundball, 34D, EV 85.0 MPH)
Batting: SHB Josh Conner 0-0: SOLO HOME RUN (Flyball, 89XD, EV 98.8 MPH), Distance : 413 ft
Batting: RHB Egidius Kruger 0-0: DOUBLE (Flyball, 78XD, EV 96.2 MPH)
Batting: LHB Jamel Alexander 0-0: DOUBLE (Groundball, 5L, EV 96.2 MPH)
Egidius Kruger scores
Batting: RHB Josiah Wright 0-0: Foul Ball, location: 2F
0-1: Ball
1-1: Ball
2-1: SINGLE (Groundball, 6MD, EV 106.2 MPH)
Jamel Alexander to third
Runner from 3rd tries for Home, SAFE, throw by CF to home
Josiah Wright to second
Batting: SHB Ruben Velasco Jr. 0-0: Foul Ball, location: 2F
0-1: Called Strike
0-2: Fly out, F7 (Flyball, 78S, EV 89.4 MPH)
Top of the 4th over - 3 runs, 4 hits, 0 errors, 1 left on base; Kannapolis 4 - Lake County 0
BOTTOM OF THE 4TH
Lake County Captains batting - Pitching for Kannapolis Intimidators : LHP Mark Sharrett
Now at 2B: Jason Bresnahan
Batting: RHB Ricky Butts 0-0: Ball
1-0: SINGLE (Flyball, 3D, EV 92.5 MPH)
Batting: RHB Seth Rutz 0-0: Ball
1-0: Called Strike
1-1: Foul Ball, location: 2F
1-2: SINGLE (Groundball, 56D, EV 106.2 MPH)
Ricky Butts to second
Batting: RHB David Schweitzer 0-0: Ball
1-0: Foul Ball, location: 2F
1-1: Foul Ball, location: 2F
1-2: Ground out 6-3 (Groundball, P, EV 92.5 MPH)
Ricky Butts to third
Seth Rutz to second
Batting: RHB Chris Rosinsky 0-0: SINGLE (Groundball, 4D, EV 98.8 MPH)
Ricky Butts scores
Seth Rutz to third
Batting: RHB Gashie Chimsima 0-0: Ball
1-0: Swinging Strike
1-1: Ball
2-1: Ball
3-1: Called Strike
3-2: Fly out, F8 (Flyball, 78S, EV 91.2 MPH)
Batting: LHB Devon Grant 0-0: Swinging Strike
0-1: DOUBLE (Line Drive, 7LM, EV 111.9 MPH)
Seth Rutz scores
Chris Rosinsky to third
Runner from 3rd tries for Home, SAFE, throw by LF to home
Batting: RHB Reynaldo Herrera 0-0: Ball
1-0: Called Strike
1-1: Ground out 4-3 (Groundball, 4, EV 86.2 MPH)
Bottom of the 4th over - 3 runs, 4 hits, 0 errors, 1 left on base; Kannapolis 4 - Lake County 3
TOP OF THE 5TH
Kannapolis Intimidators batting - Pitching for Lake County Captains : RHP Nesty Pulido
Batting: RHB Vic Lucatero 0-0: Called Strike
0-1: SINGLE (Line Drive, 4MD, EV 105.6 MPH)
Pitching: RHP Tim bin Fadi
Batting: LHB Kevin Rolison 0-0: Called Strike
0-1: Foul Ball, location: 2F
0-2: Ball
1-2: SINGLE (Groundball, 4MD, EV 105.0 MPH)
Vic Lucatero to second
Runner from 2nd tries for 3rd, SAFE, throw by CF made to third
Batting: SHB Jason Bresnahan 0-0: Fielders Choice at 2nd, 4-6 (Groundball, 4, EV 105.6 MPH)
Vic Lucatero scores
Batting: RHB Jeff Cox 0-0: Ball
Jason Bresnahan steals 2nd base (no throw)
1-0: DOUBLE (Line Drive, 3D, EV 99.4 MPH)
Jason Bresnahan scores
Batting: SHB Josh Conner 0-0: Called Strike
0-1: Swinging Strike
0-2: Ball
1-2: Ground out 1-3 (Groundball, 13, EV 68.1 MPH)
Jeff Cox to third
Batting: RHB Egidius Kruger 0-0: Ball
1-0: Ground out 5-3 (Groundball, 5, EV 103.1 MPH)
Top of the 5th over - 2 runs, 3 hits, 0 errors, 1 left on base; Kannapolis 6 - Lake County 3
BOTTOM OF THE 5TH
Lake County Captains batting - Pitching for Kannapolis Intimidators : LHP Mark Sharrett
Batting: RHB Josh Stinnett 0-0: Ground out 5-3 (Groundball, 5, EV 82.5 MPH)
Batting: LHB Danny Moreno 0-0: Ball
1-0: Foul Ball, location: 2F
1-1: Ball
2-1: Called Strike
2-2: Ball
3-2: SINGLE (Groundball, 34D, EV 103.1 MPH)
Pitching: LHP Datu Callanta
Batting: RHB Ricky Butts 0-0: SINGLE (Groundball, 56D, EV 98.8 MPH)
Danny Moreno to second
Batting: RHB Seth Rutz 0-0: Called Strike
0-1: Foul Ball, location: 2F
0-2: Ball
1-2: Ball
2-2: Ball
3-2: Base on Balls
Danny Moreno to third
Ricky Butts to second
Batting: RHB David Schweitzer 0-0: Foul Ball, location: 2F
0-1: Ball
1-1: Foul Ball, location: 2F
1-2: Ball
2-2: Foul Ball, location: 2F
2-2: Strikes out swinging
Batting: RHB Chris Rosinsky 0-0: Ground out 6-3 (Groundball, 56D, EV 91.2 MPH)
Bottom of the 5th over - 0 runs, 2 hits, 0 errors, 3 left on base; Kannapolis 6 - Lake County 3
TOP OF THE 6TH
Kannapolis Intimidators batting - Pitching for Lake County Captains : RHP Tim bin Fadi
Batting: LHB Jamel Alexander 0-0: Foul Ball, location: 2F
0-1: Ground out 5-3 (Groundball, 5L, EV 86.2 MPH)
Batting: RHB Josiah Wright 0-0: Ball
1-0: Called Strike
1-1: Ball
2-1: Foul Ball, location: 2F
2-2: Ball
3-2: Ground out 5-3 (Groundball, 56, EV 82.5 MPH)
Batting: SHB Ruben Velasco Jr. 0-0: Ground out 4-3 (Groundball, 4, EV 106.2 MPH)
Top of the 6th over - 0 runs, 0 hits, 0 errors, 0 left on base; Kannapolis 6 - Lake County 3
BOTTOM OF THE 6TH
Lake County Captains batting - Pitching for Kannapolis Intimidators : LHP Datu Callanta
Batting: RHB Gashie Chimsima 0-0: Called Strike
0-1: Ground out 3-1 (Groundball, 34, EV 90.0 MPH)
Batting: LHB Devon Grant 0-0: Ground out U3 (Groundball, 3, EV 85.0 MPH)
Batting: RHB Reynaldo Herrera 0-0: Fly out, F7 (Line Drive, 7S, EV 93.1 MPH)
Bottom of the 6th over - 0 runs, 0 hits, 0 errors, 0 left on base; Kannapolis 6 - Lake County 3
TOP OF THE 7TH
Kannapolis Intimidators batting - Pitching for Lake County Captains : RHP Tim bin Fadi
Pitching: LHP Jordan Jimenez
Batting: RHB Vic Lucatero 0-0: Ball
1-0: Ball
2-0: Called Strike
2-1: SINGLE (Line Drive, 8LS, EV 104.4 MPH)
Batting: LHB Kevin Rolison 0-0: Ball
1-0: Ball
2-0: Called Strike
2-1: Swinging Strike
2-2: Ball
3-2: Foul Ball, location: 2F
3-2: Foul Ball, location: 2F
3-2: SINGLE (Line Drive, 56D, EV 100.6 MPH)
Vic Lucatero to second
Vic Lucatero to third
Batting: SHB Jason Bresnahan 0-0: SINGLE (Groundball, 6MD, EV 86.2 MPH) (infield hit)
Vic Lucatero scores
Kevin Rolison to second
Batting: RHB Jeff Cox 0-0: Called Strike
0-1: Ball
1-1: Swinging Strike
1-2: Hit by Pitch
Kevin Rolison to third
Jason Bresnahan to second
Batting: SHB Josh Conner 0-0: SINGLE (Groundball, 56, EV 110.6 MPH)
Kevin Rolison scores
Jason Bresnahan to third
Jeff Cox to second
Runner from 3rd tries for Home, SAFE, throw by LF to home
Pitching: RHP Gilbert Paparelli
Batting: RHB Egidius Kruger 0-0: Foul Ball, location: 2F
0-1: Hit by Pitch
Jeff Cox to third
Josh Conner to second
Batting: LHB Jamel Alexander 0-0: Fielders Choice at 2nd, 6-4 (Groundball, 6, EV 106.2 MPH)
Jeff Cox scores
Josh Conner to third
Batting: RHB Josiah Wright 0-0: Ball
1-0: Called Strike
1-1: Ball
2-1: Ball
3-1: Foul Ball, location: 2F
3-2: Strikes out looking
Batting: SHB Ruben Velasco Jr. 0-0: Ball
1-0: Called Strike
1-1: Swinging Strike
1-2: Strikes out swinging
Top of the 7th over - 4 runs, 4 hits, 0 errors, 2 left on base; Kannapolis 10 - Lake County 3
BOTTOM OF THE 7TH
Lake County Captains batting - Pitching for Kannapolis Intimidators : LHP Datu Callanta
Batting: RHB Josh Stinnett 0-0: Called Strike
0-1: Ball
1-1: Swinging Strike
1-2: Ball
2-2: Ball
3-2: Base on Balls
Batting: LHB Danny Moreno 0-0: Called Strike
0-1: Foul Ball, location: 2F
0-2: Ball
1-2: Foul Ball, location: 2F
1-2: Ball
2-2: SINGLE (Groundball, 34D, EV 98.8 MPH)
Josh Stinnett to second
Runner from 2nd tries for 3rd, SAFE, throw by RF made to third
Batting: RHB Ricky Butts 0-0: Ball
1-0: Ball
Danny Moreno steals 2nd base (no throw)
2-0: Called Strike
2-1: Foul Ball, location: 2F
2-2: DOUBLE (Groundball, 5L, EV 103.8 MPH)
Josh Stinnett scores
Danny Moreno scores
Batting: RHB Seth Rutz 0-0: Ball
1-0: Called Strike
1-1: SINGLE (Groundball, P, EV 85.6 MPH) (infield hit)
Ricky Butts to third
Batting: RHB David Schweitzer 0-0: Ball
1-0: Called Strike
1-1: Foul Ball, location: 2F
1-2: Strikes out looking
Batting: RHB Chris Rosinsky 0-0: Called Strike
0-1: Swinging Strike
0-2: Ball
1-2: Strikes out looking
Pitching: RHP Ricardo Bautista
Batting: RHB Gashie Chimsima 0-0: Called Strike
0-1: Ball
1-1: Called Strike
1-2: Ball
2-2: Strikes out swinging
Bottom of the 7th over - 2 runs, 3 hits, 0 errors, 2 left on base; Kannapolis 10 - Lake County 5
TOP OF THE 8TH
Kannapolis Intimidators batting - Pitching for Lake County Captains : RHP Gilbert Paparelli
Batting: RHB Vic Lucatero 0-0: Swinging Strike
0-1: Ball
1-1: Swinging Strike
1-2: Ground out U3 (Groundball, 3, EV 85.6 MPH)
Batting: LHB Kevin Rolison 0-0: Ball
1-0: Called Strike
1-1: Ball
2-1: SINGLE (Line Drive, 6MD, EV 108.8 MPH)
Batting: SHB Jason Bresnahan 0-0: Foul Ball, location: 2F
0-1: Called Strike
0-2: Foul Ball, location: 2F
0-2: Ball
1-2: Foul Ball, location: 2F
1-2: Strikes out swinging
Batting: RHB Jeff Cox 0-0: Ball
1-0: Ground out 2-3 (Groundball, 15S, EV 65.0 MPH)
Top of the 8th over - 0 runs, 1 hit, 0 errors, 1 left on base; Kannapolis 10 - Lake County 5
BOTTOM OF THE 8TH
Lake County Captains batting - Pitching for Kannapolis Intimidators : RHP Ricardo Bautista
Batting: LHB Devon Grant 0-0: Called Strike
0-1: Called Strike
0-2: Ball
1-2: Ball
2-2: Foul Ball, location: 2F
2-2: Ball
3-2: Base on Balls
Batting: RHB Reynaldo Herrera 0-0: Ball
1-0: Ball
2-0: Ball
3-0: Called Strike
3-1: Called Strike
3-2: Base on Balls
Devon Grant to second
Batting: RHB Josh Stinnett 0-0: Called Strike
0-1: Ball
1-1: Ball
2-1: Ball
3-1: Base on Balls
Devon Grant to third
Reynaldo Herrera to second
Batting: LHB Danny Moreno 0-0: Fielders Choice at 2nd, 4-6 (Groundball, 4, EV 91.2 MPH)
Devon Grant scores
Reynaldo Herrera to third
Batting: RHB Ricky Butts 0-0: Grounds into double play, 5-4-3 (Groundball, 56, EV 105.6 MPH)
Bottom of the 8th over - 1 run, 0 hits, 0 errors, 1 left on base; Kannapolis 10 - Lake County 6
TOP OF THE 9TH
Kannapolis Intimidators batting - Pitching for Lake County Captains : RHP Gilbert Paparelli
Pitching: RHP Brent Demby
Batting: SHB Josh Conner 0-0: Ball
1-0: Ball
2-0: Called Strike
2-1: Ground out 4-3 (Groundball, 4, EV 81.9 MPH)
Batting: RHB Egidius Kruger 0-0: Ball
1-0: SINGLE (Flyball, 3D, EV 90.6 MPH)
Batting: LHB Jamel Alexander 0-0: Foul Ball, location: 2F
0-1: Called Strike
0-2: Ground out 4-3 (Groundball, 4, EV 89.4 MPH)
Egidius Kruger to second
Batting: RHB Josiah Wright 0-0: Swinging Strike
0-1: Called Strike
0-2: Strikes out swinging
Top of the 9th over - 0 runs, 1 hit, 0 errors, 1 left on base; Kannapolis 10 - Lake County 6
BOTTOM OF THE 9TH
Lake County Captains batting - Pitching for Kannapolis Intimidators : RHP Ricardo Bautista
Batting: RHB Seth Rutz 0-0: Ball
1-0: Called Strike
1-1: Ball
2-1: Ball
3-1: Base on Balls
Batting: RHB David Schweitzer 0-0: Ball
1-0: Ball
2-0: Foul Ball, location: 2F
2-1: Foul Ball, location: 2F
2-2: Strikes out swinging
Batting: RHB Chris Rosinsky 0-0: Ball
1-0: Swinging Strike
1-1: Ball
Passed Ball!
Seth Rutz to second
2-1: Swinging Strike
2-2: Foul Ball, location: 2F
2-2: Foul Ball, location: 2F
2-2: Fly out, F8 (Flyball, 8RD, EV 88.8 MPH)
Pitching: LHP Matt Donnelly
Batting: RHB Gashie Chimsima 0-0: Foul Ball, location: 2F
0-1: Foul Ball, location: 2F
0-2: Ball
1-2: Foul Ball, location: 2F
1-2: Ball
2-2: Ball
3-2: Base on Balls
Pitching: LHP Jonas Jennings
Batting: LHB Devon Grant 0-0: Ground out U3 (Groundball, 3L, EV 87.5 MPH)
Bottom of the 9th over - 0 runs, 0 hits, 0 errors, 2 left on base; Kannapolis 10 - Lake County 6
Tuesday, September 13th , 2022 - OOTP Baseball 23.7 Build 88